 Dungeon Crawl Stone Soup version 0.27-a0-1308-gc08437e49b (webtiles) character file.

Game seed: 12222999867958325445

5411 flotson the Skirmisher (level 10, -21/79 HPs)
             Began as a Demonspawn Delver on June 18, 2021.
             Was an Initiate of Gozag.
             Demolished by Urug (48 damage)
             ... on level 10 of the Dungeon.
             The game lasted 00:16:02 (12182 turns).

flotson the Skirmisher (Demonspawn Delver)         Turns: 12182, Time: 00:16:04

Health: -21/79     AC: 18    Str: 15    XL:     10   Next: 40%
Magic:  10/10      EV: 14    Int: 12    God:    Gozag
Gold:   833        SH: 20    Dex: 21    Spells: 9/9 levels left

rFire    + . .     SeeInvis .   a - +7 Singing Sword {vorpal, sonic wave}
rCold    . . .     Faith    .   s - +2 tower shield {rN+}
rNeg     + . .     Spirit   .   c - +2 scale mail {rF+}
rPois    .         Reflect  .   (no helmet)
rElec    .         Harm     .   n - scarf {shadows}
rCorr    .         Rampage  .   f - +0 pair of gloves
Will     .....                  r - +0 pair of boots
Stlth    ++........             (no amulet)
HPRegen  0.23/turn              m - +6 ring of dexterity
MPRegen  0.12/turn              F - ring of flight

@: agile, flying
A: talons 1, yellow scales 1, icemail 1, powered by pain 1, condensation shield
a: Renounce Religion, Potion Petition, Call Merchant, Bribe Branch


You were on level 10 of the Dungeon.
You worshipped Gozag.
Gozag was pleased with you.
You visited 2 branches of the dungeon, and saw 11 of its levels.
You also visited: Sewer.

You collected 1302 gold pieces.
You spent 399 gold pieces at shops.
You paid 70 gold pieces to Gozag.

Inventory:

Hand Weapons
 a - the +7 Singing Sword (weapon) {vorpal, sonic wave}
   (You found it on level 5 of the Dungeon)

   It inflicts extra damage upon your enemies.
 b - a +0 hunting sling
Missiles
 h - 33 sling bullets
 l - 17 poisoned darts (quivered)
Armour
 c - a +2 scale mail of fire resistance (worn)
 f - a +0 pair of gloves (worn)
 n - a scarf of shadows (worn)
 r - a +0 pair of boots (worn)
 s - a +2 tower shield of positive energy (worn)
Jewellery
 m - a +6 ring of dexterity (left hand)
 t - a ring of fire
 F - a ring of flight (right hand)
Wands
 g - a wand of digging (3)
 D - a wand of iceblast (16)
Scrolls
 e - 2 scrolls of fear
 i - a scroll of vulnerability {unknown}
 p - a scroll of immolation {unknown}
 q - 2 scrolls of magic mapping
 u - a scroll of identify
 v - 2 scrolls of enchant armour {unknown}
 w - a scroll of fog
 y - 3 scrolls of blinking {unknown}
 C - a scroll of holy word {unknown}
 G - a scroll of torment {unknown}
 H - a scroll of teleportation {unknown}
 I - a scroll of amnesia {unknown}
Potions
 d - a potion of ambrosia {unknown}
 j - 8 potions of curing
 k - 3 potions of might
 o - 3 potions of heal wounds
 x - 3 potions of magic {unknown}
 z - a potion of invisibility {unknown}
 A - 3 potions of berserk rage {unknown}
 B - a potion of lignification {unknown}
 E - 4 potions of flight
 J - 2 potions of mutation {unknown}
Miscellaneous
 K - a phial of floods (inert)


   Skills:
 + Level 7.1 Fighting
 * Level 5.9 Long Blades
 - Level 4.3(4.4) Axes
 - Level 1.2(3.0) Maces & Flails
 + Level 1.3 Throwing
 + Level 6.2 Armour
 + Level 5.9 Dodging
 - Level 4.5 Stealth
 + Level 5.3 Shields
 + Level 2.5 Evocations


You had 9 spell levels left.
You didn't know any spells.
Your spell library contained the following spells:

 Spells                   Type           Power      Damage    Failure   Level
 Animate Skeleton         Necr           0%         N/A       100%        1
 Apportation              Tloc           0%         N/A       100%        1
 Corona                   Hex            0%         N/A       100%        1
 Summon Small Mammal      Summ           0%         N/A       100%        1


Dungeon Overview and Level Annotations

Branches:
Dungeon (10/15)            Temple (1/1) D:5             Orc (0/2) D:9
  Sewer (visited)
   Lair: D:8-11

Altars:
Ashenzari
Cheibriados
Dithmenos
Elyvilon
Fedhas
Gozag
Hepliaklqana
Kikubaaqudgha
Makhleb
Nemelex Xobeh
Okawaru
Qazlal
Ru
Sif Muna
Uskayaw
Vehumet
Xom
Yredelemnul
Zin
The Shining One

Shops:
D:7 *

Annotations:
D:10 Urug


Innate Abilities, Weirdness & Mutations

You have sharp toenails.
You are partially covered in yellow scales. (AC +2)
A meltable icy envelope protects you from harm. (AC +4)
You sometimes gain a little power by taking damage.
A meltable shield of frost defends you. (SH +4)


Message History

Urug is lightly wounded.
You hear a splash.
Throw: 18 darts (poison)
Press: ? - help, Q - select action, (/) - cycle Shift-Dir - straight line, f/p - Urug
Aim: Urug, wielding a +3 double sword, wearing a +2 chain mail of cold resistance and quivering javelins (lightly wounded, very poisoned, waterlogged, 61% to hit)
You throw a poisoned dart. The poisoned dart hits Urug.
Urug looks even sicker.
Urug is lightly wounded.
You hear a splash.
You hit Urug.
The Singing Sword clamours like a enraged lion.
You send a blast of sound all around you.
Urug is blasted.
Urug is heavily wounded. x2
You hear a bellow!
You hear an angry hiss.
You hear a shout!
Urug drinks a potion.
Urug seems to grow stronger.
You block Urug's attack.
You barely miss Urug.
Urug is heavily wounded.
You block Urug's attack.
You slash Urug!
Urug is severely wounded.
Urug is no longer waterlogged.
Urug hits you with a +3 double sword!!
You focus on the pain.
You feel agile all of a sudden. Urug hits you with a +3 double sword!!
* * * LOW HITPOINT WARNING * * *
Okay, then.
Unknown command.
Okay, then.
Unknown command.
You feel much better. Urug closely misses you.
You riposte.
You closely miss Urug.
Urug is severely wounded.
Aiming: Iceblast
Press: ? - help, Shift-Dir - straight line, p - Urug The mass of ice explodes!
The iceblast engulfs Urug!
Urug partially resists.
Urug is almost dead.
Urug hits you with a +3 double sword!!!
Ouch! That really hurt!
You die...
Your body crumbles into a pile of gold.

.. ##.... ... #....<
### ##.....# ##.....
....(......# #......
(......#...###......
#.#(..# #..........
#..(..# ##..#######
#..o.# #..# ###@.#
#.## +)#..# ##.#
###.## #..# # #...#
#..# ## #.#.# ##..#
#. #.#.# ##...## ##
..#.####.....# #
####..........#
####....#...#


You could see Urug (strong, very poisoned).

Vanquished Creatures
  A troll (D:6)
  A hornet (D:8)
  A wyvern (D:9)
  3 yaks (D:8)
  Menkaure (D:4)
  The ghost of Atlas the Chiller, an amateur DsIE (D:5)
  A water moccasin (D:6)
  A sky beast (D:3)
  2 ice beasts
  2 black bears
  2 necrophages
  2 ogres
  5 centaurs
  A kobold brigand (D:9)
  3 bullfrogs
  2 gnoll sergeants (D:9)
  A wyvern zombie (D:7)
  6 scorpions
  13 killer bees (D:9)
  2 vampire bats (D:9)
  3 wights (D:6)
  A howler monkey (D:9)
  A bullfrog zombie (D:6)
  2 centaur zombies
  A wyvern simulacrum (D:5)
  A hound (D:6)
  3 jellies
  2 centaur skeletons
  6 orc priests
  2 gnoll shamans
  An iguana (D:3)
  8 orc wizards
  2 bullfrog simulacra (D:5)
  A centaur simulacrum (D:5)
  A hound skeleton (D:4)
  2 howler monkey zombies
  16 gnolls
  14 adders
  A shadow imp (D:5)
  A white imp (D:7)
  3 worms
  3 dart slugs
  21 orcs
  17 bats
  5 endoplasms
  2 giant cockroaches
  6 goblins
  2 hobgoblins
  22 jackals
  A quokka (D:4)
  7 ball pythons
  5 frilled lizards
  13 kobolds
  2 rats (D:1)
229 creatures vanquished.

Vanquished Creatures (others)
  2 fungi (D:5)
  9 plants
  A withered plant (D:8)
12 creatures vanquished.

Grand Total: 241 creatures vanquished

Notes
Turn   | Place    | Note
-------+----------+-------------------------------------------
     0 | D:5      | flotson the Demonspawn Delver began the quest for the Orb.
     0 | D:5      | Reached XP level 1. HP: 18/18 MP: 1/1
    15 | D:5      | Noticed a wyvern simulacrum
    24 | D:5      | Found a runed translucent gate.
    24 | D:5      | Found a runed translucent gate.
    24 | D:5      | Found a runed translucent gate.
   368 | D:4      | Noticed a necrophage
   373 | D:4      | Reached skill level 1 in Armour
   373 | D:4      | Gained mutation: A meltable shield of frost defends you.
                  | (SH +4) [demonic ancestry]
   373 | D:4      | Reached XP level 2. HP: 24/24 MP: 2/2
   374 | D:4      | Found a glowing drain.
   383 | Sewer    | Entered a sewer
   711 | Sewer    | Reached XP level 3. HP: 17/29 MP: 3/3
  1648 | D:4      | Killed a necrophage
  1649 | D:4      | Reached XP level 4. HP: 24/37 MP: 4/4
  1649 | D:4      | Gained mutation: A meltable icy envelope protects you from
                  | harm. (AC +4) [demonic ancestry]
  1649 | D:4      | Reached XP level 5. HP: 27/42 MP: 5/5
  1672 | D:4      | Reached skill level 1 in Maces & Flails
  1849 | D:3      | Noticed a sky beast
  3628 | D:4      | Reached skill level 4 in Fighting
  3628 | D:4      | Reached skill level 1 in Shields
  3628 | D:4      | Reached XP level 6. HP: 48/48 MP: 6/6
  3712 | D:4      | Noticed Menkaure
  3727 | D:4      | Killed Menkaure
  4270 | D:3      | Killed a sky beast
  4271 | D:3      | Gained mutation: You are partially covered in yellow
                  | scales. (AC +2) [demonic ancestry]
  4271 | D:3      | Reached XP level 7. HP: 44/55 MP: 7/7
  5250 | D:5      | Reached skill level 5 in Fighting
  5287 | D:5      | Gained mutation: You have sharp toenails. [demonic
                  | ancestry]
  5287 | D:5      | Reached XP level 8. HP: 30/62 MP: 8/8
  5569 | D:5      | Found a staircase to the Ecumenical Temple.
  5578 | Temple   | Entered the Ecumenical Temple
  5811 | Temple   | Became a worshipper of Gozag Ym Sagoz the Greedy
  5919 | D:5      | Found the +7 Singing Sword {vorpal, sonic wave}
  6230 | D:5      | Noticed Atlas's ghost (amateur DsIE)
  6280 | D:5      | Reached skill level 1 in Long Blades
  6932 | D:6      | Noticed a troll
  6938 | D:5      | Found a staircase to the Ecumenical Temple.
  7081 | D:5      | Killed Atlas's ghost
  7948 | D:6      | Killed a troll
  7949 | D:6      | Reached skill level 5 in Armour
  8044 | D:6      | Reached XP level 9. HP: 69/69 MP: 9/9
  8127 | D:6      | Reached skill level 6 in Fighting
  8495 | D:6      | Reached skill level 5 in Dodging
  9102 | D:7      | Found Pacuigh's Assorted Antiques.
  9110 | D:7      | Bought a shiny scale mail for 189 gold pieces
  9110 | D:7      | Bought a pink potion for 24 gold pieces
  9110 | D:7      | Bought a lumpy ruby potion for 24 gold pieces
  9110 | D:7      | Bought a scroll labelled AJIGUTOASM for 27 gold pieces
  9110 | D:7      | Bought a twisted platinum amulet for 135 gold pieces
 10032 | D:8      | Reached skill level 1 in Evocations
 10034 | D:8      | Reached skill level 5 in Long Blades
 10214 | D:8      | Reached skill level 5 in Shields
 10214 | D:8      | Gained mutation: You sometimes gain a little power by
                  | taking damage. [demonic ancestry]
 10214 | D:8      | Reached XP level 10. HP: 77/77 MP: 10/10
 10314 | D:8      | Found an ancient bone altar of Kikubaaqudgha.
 10856 | D:9      | Reached skill level 7 in Fighting
 11206 | D:9      | Reached skill level 1 in Throwing
 11211 | D:9      | Found a staircase to the Orcish Mines.
 11993 | D:10     | Entered Level 10 of the Dungeon
 12170 | D:10     | Noticed Urug
 12180 | D:10     | HP: 3/79 [Urug (22)]
 12182 | D:10     | Demolished by Urug

Illustrated notes

Levels and vault maps discovered:
D:1:      roderic_crop_circles_arrival_small, layout_loops_ring,
          hangedman_decor_points
D:2:      layout_loops_corners
D:3:      layout_rooms
D:4:      layout_loops_ring, portal_sewer_entry_d, uniq_menkaure
D:5:      old_forge, layout_basic, temple_fountains, gammafunk_ghost_icy,
          guppyfry_early_lair_pool
D:6:      layout_cave_pools, hangedman_decor_lopped
D:7:      layout_loops_corners, serial_shops, nicolae_shop_crystal,
          chequers_serial_rivers_micro_d
D:8:      layout_basic, kiku_gazebo_garden_becter, minmay_fountain_box
D:9:      layout_basic, orc_0_dummy, serial_co_window_serial, co_window_paths_b,
          co_window_of_opportunity_a, co_window_paths_b, co_window_cross_1,
          co_window_of_opportunity_a, co_window_paths_b, co_window_paths_a,
          co_window_broadway_b, co_window_corner_b, co_window_of_opportunity_b,
          co_window_corner_b, glass_columns_c, roderic_batcave, eino_jars
D:10:     layout_cave_pods, david_lair_generic, grunt_tough_drop, uniq_urug,
          uniq_harold
Temple:   roderic_octagonal_lattice_temple

Skill      XL: |  1  2  3  4  5  6  7  8  9 10 |
---------------+-------------------------------+-----
Axes           | 2 3 4 |  4.3
Armour         | 1 2 3 4 5 6 |  6.2
Dodging        | 2 3 4 5 |  5.9
Maces & Flails | 1 |  1.2
Fighting       | 4 5 6 7 |  7.1
Shields        | 1 2 4 5 |  5.3
Long Blades    | 3 5 |  5.9
Evocations     | 1 2 |  2.5
Throwing       | 1 |  1.3
Stealth        | |  4.5

Action                   |  1- 3 |  4- 6 |  7- 9 | 10-12 || total
-------------------------+-------+-------+-------+-------++-------
Melee: Hand axe          |    49 |    21 |       |       ||    70
       Whip              |    72 |   142 |   159 |       ||   373
       Double sword      |       |       |   127 |    74 ||   201
 Fire: Hunting sling     |       |       |    18 |       ||    18
Throw: Dart              |       |       |       |     4 ||     4
Evoke: Wand              |       |       |       |     2 ||     2
       Phial of floods   |       |       |       |     1 ||     1
  Use: Scroll            |     1 |       |       |     5 ||     6
       Potion            |     1 |     1 |     1 |     1 ||     4
 Stab: Sleeping          |     1 |     8 |     4 |       ||    13
       Distracted        |       |       |     1 |     2 ||     3
Armor: Ring mail         |    30 |    64 |   106 |       ||   200
       Leather armour    |     1 |       |       |       ||     1
       Scale mail        |       |       |    41 |    47 ||    88
Dodge: Dodged            |    66 |    62 |   111 |    37 ||   276
Block: Other             |    16 |    12 |       |       ||    28
       Kite shield       |       |    49 |   240 |    14 ||   303
       Tower shield      |       |       |       |    80 ||    80
       Rpst.: Double sword |       |       |     5 |    12 ||    17

Table legend: (Time is in decaauts)
 A = Elapsed time spent in this place.
 B = Non-inter-level travel time spent in this place.
 C = Inter-level travel time spent in this place.
 D = Time resting spent in this place.
 E = Time spent auto-exploring this place.
 F = Levels seen in this place.
 G = Mean time per level.
                   A        B        C        D        E       F      G
               +--------+--------+--------+--------+--------+-----+--------+
         Total |  12529 |  12086 |    443 |    283 |   9918 |  12 | 1044.1 |
       Dungeon |  10846 |  10444 |    402 |    283 |   8478 |  10 | 1084.6 |
        Temple |    259 |    218 |     41 |      0 |    217 |   1 |  259.0 |
         Sewer |   1422 |   1422 |      0 |      0 |   1223 |   1 | 1422.0 |
               +--------+--------+--------+--------+--------+-----+--------+

Top non-repeatable levels by time:
     D:5: 2688 daAuts
     D:4: 1683 daAuts
     D:9: 1591 daAuts
   Sewer: 1422 daAuts
     D:7: 1152 daAuts
     D:2: 883 daAuts
     D:6: 723 daAuts
     D:8: 692 daAuts
     D:1: 626 daAuts
     D:3: 614 daAuts
  Temple: 259 daAuts
    D:10: 191 daAuts
